 Dungeon Crawl Stone Soup version 0.31-a0-1603-gbec6b6ccbf (webtiles) character file.

Game seed: 13774522458468206094

15825 jasper the Severer (level 12, -4/169 HPs)
             Began as a Minotaur Berserker on Jan 7, 2024.
             Was an Elder of Trog.
             Slain by a skyshark (6 damage)
             ... on level 2 of the Lair of Beasts.
             The game lasted 00:34:03 (13468 turns).

jasper the Severer (Minotaur Berserker)            Turns: 13468, Time: 00:34:04

Health: -4/169     AC: 22    Str: 26    XL:     12   Next: 4%
Magic:  0/11       EV:  8    Int:  4    God:    Trog [****..]
Gold:   320        SH:  0    Dex: 11    Spells: 11/11 levels left

rFire   + . .        P - +1 battleaxe (freeze)
rCold   . . .        (shield currently unavailable)
rNeg    . . .        S - +1 plate armour {rF+}
rPois   +            (helmet restricted)
rElec   +            I - +0 cloak
rCorr   .            J - +0 pair of gloves
SInv    .            F - +1 pair of boots "Kedumy" {rElec}
Will    .....        j - amulet of guardian spirit Stlth
                     K - ring of poison resistance
HPRegen 0.48/turn    (no ring)
MPRegen 0.12/turn

%: guardian spirit
@: berserking, very quick
A: horns 2, retaliatory headbutt
a: Renounce Religion, Berserk, Trog's Hand, Brothers in Arms


You were on level 2 of the Lair of Beasts.
You worshipped Trog.
Trog was greatly pleased with you.
You visited 2 branches of the dungeon, and saw 13 of its levels.
You visited 1 bazaar.

You collected 740 gold pieces.
You spent 420 gold pieces at shops.

Inventory:

Hand Weapons
 f - a +5 demon trident
 B - the +9 trident of False Accusations {venom, rC++ Int+2 Dex-2}
   (You found it on level 6 of the Dungeon)

   Int+2:     It affects your intelligence (+2).
   Dex-2:     It affects your dexterity (-2).
   rC++:      It greatly protects you from cold.
 P - a +1 battleaxe of freezing (weapon)
 X - a +0 battleaxe
Missiles
 d - 84 stones (quivered)
 i - 5 javelins
 r - a curare-tipped dart
 y - 10 poisoned darts
 A - 7 boomerangs
 T - 4 atropa-tipped darts
Armour
 w - +0 steam dragon scales
 F - the +1 pair of boots "Kedumy" (worn) {rElec}
   (You acquired it on level 7 of the Dungeon)

   rElec:     It insulates you from electricity.
 I - a +0 cloak (worn)
 J - a +0 pair of gloves (worn)
 N - a +0 kite shield
 S - a +1 plate armour of fire resistance (worn)
Jewellery
 j - an amulet of guardian spirit (around neck)
 K - a ring of poison resistance (left hand)
 W - an amulet of magic regeneration
Wands
 h - a wand of flame (11)
 v - a wand of polymorph (22)
 z - a wand of mindburst (4)
 L - a wand of iceblast (11)
 V - a wand of digging (5)
Scrolls
 a - a scroll of identify
 b - a scroll of blinking
 c - 7 scrolls of teleportation
 g - 2 scrolls of vulnerability
 q - a scroll of poison
 s - 3 scrolls of brand weapon
 C - a scroll of enchant armour
 R - 4 scrolls of enchant weapon
Potions
 e - a potion of degeneration {unknown}
 k - a potion of ambrosia
 l - 6 potions of curing
 m - 2 potions of lignification
 o - a potion of enlightenment
 p - 3 potions of might
 t - a potion of brilliance
 x - 2 potions of heal wounds
 D - a potion of resistance
 E - 4 potions of magic
 Q - a potion of mutation {unknown}
 U - a potion of attraction {unknown}


   Skills:
 + Level 12.6 Fighting
 * Level 16.1 Axes
 + Level 12.3 Armour
 - Level 2.1 Dodging
 - Level 2.0 Evocations


You had 11 spell levels left.
You didn't know any spells.
Your spell library was empty.

Dungeon Overview and Level Annotations

Branches:
Dungeon (11/15)            Temple (0/1) D:6            Lair (1/5) D:11
    Orc (0/2) D:10

Altars:
Cheibriados
Kikubaaqudgha
Trog
Vehumet

Shops:
D:11 :

Annotations:
D:7 exclusion: statue


Innate Abilities, Weirdness & Mutations

You have a pair of horns on your head.
You reflexively headbutt those who attack you in melee.


Message History

The skyshark tail-slaps you but does no damage. x2
You take 23 damage, and have 21/169 hp.
You now have 2/11 mp.
You barely miss the skyshark.
The skyshark is lightly wounded.
You are too berserk!
Unknown command.
You slash the skyshark! You freeze the skyshark. You headbutt the skyshark!
The skyshark is moderately wounded.
The skyshark bites you.
* * * LOW HITPOINT WARNING * * *
The skyshark barely misses you.
The skyshark tail-slaps you but does no damage.
You take 1 damage, and have 21/169 hp.
The skyshark attacks as it pursues you!
The skyshark bites you but does no damage.
The skyshark tail-slaps you but does no damage. x2
You slash the skyshark! You freeze the skyshark.
The skyshark is heavily wounded.
The skyshark barely misses you. The skyshark tail-slaps you.
* * * LOW HITPOINT WARNING * * *
The skyshark barely misses you.
You take 6 damage, and have 15/169 hp.
You completely miss the skyshark. You headbutt the skyshark!
The skyshark is heavily wounded.
The skyshark bites you but does no damage.
The skyshark tail-slaps you!
* * * LOW HITPOINT WARNING * * *
The skyshark tail-slaps you but does no damage.
You take 5 damage, and have 10/169 hp.
You now have 1/11 mp.
You hit the skyshark but do no damage. Your headbutt misses the skyshark.
The skyshark is heavily wounded.
The skyshark completely misses you.
The skyshark tail-slaps you but does no damage. x2
You hit the skyshark but do no damage. You headbutt the skyshark!
The skyshark is severely wounded.
The skyshark bites you!
* * * LOW HITPOINT WARNING * * *
The skyshark tail-slaps you but does no damage.
The skyshark tail-slaps you.
You die...

~## ##### ~~~###
#...# ~~~~## #...##
#~...# ###....# #...F
#.....## #.§.
.#....## #..#########
#......###..†..F@.†.#
......#.##..#########
.............#
........##†§##
#.......##....#
............#....
.................
........#####..?.
.......## #...


You could see a skyshark (berserk).

Vanquished Creatures
  Snorg (D:10)
  A catoblepas (D:9)
  2 two-headed ogres (D:11)
  Urug (Lair:1)
  A deep elf pyromancer (D:8)
  An ugly thing (D:9)
  A gargoyle (D:11)
  A komodo dragon (Lair:2)
  A hornet (D:9)
  Grinder (D:3)
  5 blink frogs (Lair:2)
  A shadow (D:7)
  4 wyverns
  A wraith (D:10)
  4 steam dragons
  18 yaks
  3 basilisks
  An acid dragon (D:7)
  8 water moccasins
  Duvessa (D:4)
  2 black bears
  11 orc warriors
  2 sky beasts
  2 ice beasts
  5 centaurs
  2 ogres
  A kobold brigand (D:9)
  Blork the orc (D:5)
  8 bullfrogs
  2 scorpions
  A gnoll sergeant (D:9)
  A burial acolyte (D:5)
  A wight (D:8)
  Dowan (D:4)
  15 killer bees
  2 howler monkeys
  4 bombardier beetles
  2 gnoll boudas
  3 jellies
  3 orc priests
  Crazy Yiuf (D:5)
  2 iguanas
  8 orc wizards
  Robin (D:4)
  8 gnolls
  7 adders
  A shadow imp (D:7)
  3 white imps
  4 ufetubi
  3 adder zombies (D:5)
  3 ribbon worms
  3 dart slugs
  33 orcs
  5 ball pythons
  8 endoplasms
  A giant cockroach (D:1)
  11 hobgoblins
  A jackal (D:3)
  4 kobolds
  4 quokkas
  4 bats
  4 frilled lizards
  17 goblins
  5 rats
267 creatures vanquished.

Notes
Turn   | Place    | Note
-------+----------+-------------------------------------------
     0 | D:1      | jasper the Minotaur Berserker began the quest for the Orb.
     0 | D:1      | Reached XP level 1. HP: 19/19 MP: 0/0
   150 | D:1      | Reached skill level 4 in Axes
   247 | D:1      | Reached XP level 2. HP: 26/26 MP: 1/1
   689 | D:2      | Reached skill level 5 in Axes
   778 | D:3      | Reached XP level 3. HP: 28/31 MP: 2/2
   959 | D:3      | Noticed Grinder
   972 | D:3      | Paralysed by Grinder for 4 turns
   976 | D:3      | Killed Grinder
   977 | D:3      | Reached skill level 7 in Axes
   977 | D:3      | Reached XP level 4. HP: 23/39 MP: 0/3
   977 | D:3      | Reached XP level 5. HP: 26/45 MP: 0/4
  1064 | D:3      | Reached ** piety under Trog
  1264 | D:3      | Reached skill level 8 in Axes
  1264 | D:3      | Reached XP level 6. HP: 51/51 MP: 5/5
  1810 | D:3      | Found a bloodstained altar of Trog.
  1887 | D:4      | Noticed Duvessa
  1887 | D:4      | Noticed Dowan
  2118 | D:2      | Reached skill level 9 in Axes
  3136 | D:5      | Entered Level 5 of the Dungeon
  3137 | D:5      | Reached *** piety under Trog
  3204 | D:5      | Noticed an ice beast
  3536 | D:5      | Killed an ice beast
  3537 | D:5      | Reached skill level 10 in Axes
  3537 | D:5      | Reached XP level 7. HP: 57/57 MP: 6/6
  3949 | D:5      | Found a runed translucent door.
  3950 | D:5      | Noticed Crazy Yiuf
  4086 | D:5      | Found an ancient bone altar of Kikubaaqudgha.
  4186 | D:5      | Reached skill level 11 in Axes
  4650 | D:6      | Noticed Blork the orc
  4663 | D:5      | Killed Blork the orc
  4737 | D:6      | Reached XP level 8. HP: 64/64 MP: 7/7
  4746 | D:6      | Reached skill level 12 in Axes
  4823 | D:6      | Reached skill level 1 in Evocations
  4929 | D:6      | Identified the +9 trident of False Accusations {venom, rC++
                  | Int+2 Dex-2}
  5150 | D:6      | Found a staircase to the Ecumenical Temple.
  5639 | D:7      | Reached skill level 5 in Fighting
  5680 | D:7      | Reached XP level 9. HP: 45/75 MP: 6/8
  5682 | D:7      | Reached skill level 5 in Armour
  6099 | D:7      | Reached skill level 13 in Axes
  6815 | D:7      | Found a radiant altar of Vehumet.
  6959 | D:7      | Identified a scroll of acquirement
  6959 | D:7      | Acquired the +1 pair of boots "Kedumy" {rElec}
  7646 | D:8      | Noticed a deep elf pyromancer
  7652 | D:8      | Killed a deep elf pyromancer
  7653 | D:8      | Reached XP level 10. HP: 88/88 MP: 9/9
  7904 | D:8      | Reached skill level 14 in Axes
  8003 | D:8      | Found a snail-covered altar of Cheibriados.
  8387 | D:9      | Reached **** piety under Trog
  8472 | D:9      | Identified the +0 mace of Eternal Vigilance {protect, rC+
                  | rCorr Int+3 SInv}
  8636 | D:9      | Reached skill level 10 in Fighting
  9047 | D:9      | Reached skill level 10 in Armour
  9164 | D:9      | Noticed a catoblepas
  9187 | D:9      | Killed a catoblepas
  9198 | D:9      | Noticed a brown ugly thing
  9222 | D:10     | Entered Level 10 of the Dungeon
  9451 | D:10     | Reached XP level 11. HP: 95/102 MP: 7/10
  9563 | D:10     | Found a staircase to the Orcish Mines.
  9962 | D:10     | Noticed Snorg
 10115 | D:11     | Noticed a two-headed ogre
 10135 | D:11     | Killed a two-headed ogre
 10154 | D:11     | Found a flickering gateway to a bazaar.
 10169 | Bazaar   | Entered a bazaar
 10169 | Bazaar   | Found Xovvag's Antique Weapon Boutique.
 10169 | Bazaar   | Found Xiufeaco's Weapon Shop.
 10169 | Bazaar   | Found Xakyqu's Armour Shop.
 10179 | Bazaar   | Bought a +1 plate armour of fire resistance for 420 gold
                  | pieces
 10818 | D:11     | Found a staircase to the Lair.
 10847 | D:11     | Reached skill level 15 in Axes
 10851 | D:11     | Noticed a two-headed ogre
 10868 | D:11     | Killed a two-headed ogre
 11019 | D:11     | Found Ypterosm's Vocational Training.
 11826 | D:9      | Killed a brown ugly thing
 12094 | D:5      | Killed Crazy Yiuf
 12097 | D:5      | Identified the +6 hammer "Uwkicua" {pain, Int+5}
 12200 | D:4      | Noticed Robin
 12206 | D:4      | Killed Robin
 12265 | D:4      | Killed Duvessa
 12276 | D:4      | Killed Dowan
 12661 | D:10     | Killed Snorg
 13063 | Lair:1   | Entered Level 1 of the Lair of Beasts
 13214 | Lair:1   | Noticed Urug
 13245 | Lair:1   | Killed Urug
 13289 | Lair:1   | You fall into a shaft and drop 1 floor!
 13414 | Lair:2   | Reached skill level 16 in Axes
 13414 | Lair:2   | Reached XP level 12. HP: 98/113 MP: 9/11
 13468 | Lair:2   | HP: 2/169 [skyshark (8)]
 13468 | Lair:2   | Slain by a skyshark

Illustrated notes

Levels and vault maps discovered:
D:1:      orjb1_lava_funnel, layout_rooms, kennysheep_boxes
D:2:      layout_basic, minmay_tromino_v4_a
D:3:      minmay_angry_zag, layout_loops_ring, general_overflow_altar,
          minmay_unequal, uniq_grinder
D:4:      layout_basic, serial_corexii_hall, chequers_hall_statues_wall_a,
          chequers_hall_statues_y, corexii_hall_statues_l,
          minmay_tree_intersection, uniq_duvessa, uniq_robin
D:5:      layout_loops_ring, lemuel_zombie_altar_kikubaaqudgha,
          uniq_crazy_yiuf_cottage
D:6:      layout_cave_pools, minmay_temple_entry_stoned_glass,
          uniq_blork_the_orc
D:7:      layout_cave_pods, vehumet_statue
D:8:      kennysheep_ambush_hall, layout_gridville, slow_altar_1,
          guppyfry_early_elven_hall
D:9:      layout_basic, overflow_temple_1_default, chequers_jeans,
          minmay_the_grid_2x2 [minmay_the_grid_garden,
          minmay_the_grid_holed_spiral, minmay_the_grid_zigzag_pyramid,
          minmay_the_grid_prize_shrinking_boxes]
D:10:     layout_basic, david_orc_3, minmay_fractal_squares_diagonal_5,
          uniq_snorg
D:11:     layout_stronghold, minmay_lair_entry_grove, serial_shops,
          bzr_in_the_mist, nicolae_shop_vocational
Lair:1:   layout_chaotic_city, grunt_megastairs_2, uniq_urug
Lair:2:   layout_gridlike, gammafunk_ghost_hydra_chop,
          chequers_serial_rivers_large_b, lemuel_fruit_tree

Skill      XL: |  1  2  3  4  5  6  7  8  9 10 11 |
---------------+----------------------------------+-----
Axes           | 4 5 7 8 10 11 12 13 14 16 | 16.1
Evocations     | 2 |  2.0
Fighting       | 5 8 11 12 | 12.6
Armour         | 4 7 10 12 | 12.3
Dodging        | |  2.1

Action                     |  1- 3 |  4- 6 |  7- 9 | 10-12 || total
---------------------------+-------+-------+-------+-------++-------
  Melee: Hand axe          |    47 |    97 |    76 |       ||   220
         Headbutt          |     5 |     5 |    19 |    55 ||    84
         Punch             |       |     1 |     3 |     1 ||     5
         Trident           |       |       |   120 |   146 ||   266
         Battleaxe         |       |       |       |   178 ||   178
         Unarmed           |       |       |       |     4 ||     4
  Throw: Dart              |       |     1 |     6 |     9 ||    16
         Stone             |       |       |       |     4 ||     4
 Invoke: Berserk           |     2 |     1 |     5 |     5 ||    13
         Trog's Hand       |       |       |     6 |     5 ||    11
  Evoke: Wand              |       |       |     3 |    15 ||    18
    Use: Scroll            |     5 |    10 |     7 |     6 ||    28
         Potion            |       |     1 |       |     1 ||     2
 Armour: Animal skin       |     3 |       |       |       ||     3
         Ring mail         |    20 |       |       |       ||    20
         Scale mail        |    14 |    54 |   116 |       ||   184
         Chain mail        |       |       |    12 |    16 ||    28
         Plate armour      |       |       |       |   226 ||   226
         Skin              |       |       |       |     1 ||     1
  Dodge: Dodged            |    25 |    44 |   100 |   105 ||   274
  Block: Kite shield       |       |       |       |    22 ||    22

Table legend: (Time is in decaauts)
 A = Elapsed time spent in this place.
 B = Non-inter-level travel time spent in this place.
 C = Inter-level travel time spent in this place.
 D = Time resting spent in this place.
 E = Time spent auto-exploring this place.
 F = Levels seen in this place.
 G = Mean time per level.
                   A        B        C        D        E       F      G
               +--------+--------+--------+--------+--------+-----+--------+
         Total |  13604 |  12602 |   1002 |   2429 |   4885 |  14 |  971.7 |
       Dungeon |  13177 |  12176 |   1001 |   2392 |   4876 |  11 | 1197.9 |
          Lair |    402 |    402 |      0 |     37 |      0 |   2 |  201.0 |
        Bazaar |     23 |     23 |      0 |      0 |      9 |   1 |   23.0 |
               +--------+--------+--------+--------+--------+-----+--------+

Top non-repeatable levels by time:
     D:7: 1617 daAuts
    D:11: 1579 daAuts
     D:5: 1564 daAuts
     D:3: 1435 daAuts
     D:8: 1327 daAuts
    D:10: 1252 daAuts
     D:9: 1195 daAuts
     D:2: 933 daAuts
     D:4: 822 daAuts
     D:6: 816 daAuts
     D:1: 631 daAuts
  Lair:1: 231 daAuts
  Lair:2: 171 daAuts
  Bazaar: 23 daAuts
